 Dungeon Crawl Stone Soup version 0.32-a0-172-gc5dd13f2a7 (webtiles) character file.

Game seed: 4526809429003418171

19 zenocrate the Sneak (level 2, 21/21 HPs)
             Began as an Octopode Delver on Feb 12, 2024.
             Quit the game on level 4 of the Dungeon.
             The game lasted 00:00:37 (162 turns).

zenocrate the Sneak (Octopode Delver)                Turns: 162, Time: 00:00:37

Health: 21/21      AC:  1    Str: 11    XL:     2   Next: 75%
Magic:  2/2        EV: 13    Int: 12    God:
Gold:   11         SH:  0    Dex: 13    Spells: 1/1 levels left

rFire   . . .        a - +0 short sword
rCold   . . .        (no shield)
rNeg    . . .        (helmet restricted)
rPois   .            (no amulet)
rElec   .            (no ring)
rCorr   .            (no ring)
SInv    .            (no ring)
Will    .....        (no ring)
Stlth   ++++         (no ring)
HPRegen 0.23/turn    (no ring)
MPRegen 0.08/turn    (no ring)
                     (no ring)

%: no passive effects
@: no status effects
A: almost no armour, amphibious, 8 rings, camouflage 1, gelatinous body 1,
(nimble swimmer 1), tentacles
a: no special abilities


You were on level 4 of the Dungeon.
You visited 1 branch of the dungeon, and saw 2 of its levels.

You collected 11 gold pieces.

Inventory:

Hand Weapons
 a - a +0 short sword (weapon)
Wands
 f - a wand of digging (3)
Scrolls
 b - a scroll of fog
 c - a scroll of revelation
Potions
 e - a potion of haste


   Skills:
 - Level 3.0 Fighting
 - Level 2.0 Short Blades
 - Level 2.0 Dodging
 + Level 7.1 Stealth
 * Level 1.4 Unarmed Combat


You had one spell level left.
You didn't know any spells.
Your spell library was empty.

Dungeon Overview and Level Annotations

Branches:
Dungeon (5/15)
 Temple: D:4-7

Altars:


Innate Abilities, Weirdness & Mutations

You cannot wear most types of armour.
You are amphibious.
You can wear up to eight rings at the same time.
Your skin changes colour to match your surroundings (Stealth+).
Your rubbery body absorbs attacks. (AC +1, EV +1)
((You are camouflaged when in or above water. (Stealth+)))
You have tentacles for arms and can constrict up to eight enemies at once.


Message History

You see here an adder corpse.
A quokka comes into view.
A quokka is nearby!
A quokka is nearby!
An adder comes into view.
Found a spear.
Found a stone staircase leading up.
The adder hisses angrily.
The quokka closely misses you.
You hit the quokka. You grab the quokka.
You squeeze the quokka, but do no damage.
The quokka is moderately wounded.
You constrict the quokka. The quokka barely misses you.
You hit the quokka.
The quokka is almost dead.
You constrict the quokka.
You kill the quokka!
You hit the adder. Your grab misses the adder.
The adder is heavily wounded.
The adder closely misses you.
Unknown command.
You closely miss the adder. You grab the adder.
The adder is heavily wounded.
You constrict the adder. The adder closely misses you.
You completely miss the adder. Your squeeze misses the adder.
The adder is heavily wounded.
You constrict the adder. The adder misses you.
You hit the adder but do no damage.
The adder is severely wounded.
You constrict the adder. The adder closely misses you.
Unknown command.
You hit the adder.
You kill the adder!
Your Stealth skill increases to level 7!
No target in view!
You see here an adder corpse.
Found a hand axe.
There is a stone staircase leading up here.
There are no items here.
Are you sure you want to abandon this character and quit the game? (Confirm with "yes".)

............##
............##..##
)...........##...# .
...........###.#.# ..
..........# #.#..
...#####.........###....
...........######.......
..............# #.......
#.....@......# #.......
##.....).....# #.......
#...........# #.......
#...........###.......
#..........†.....#####
#................#
###########......#
#......# #......#


There were no monsters in sight!

Vanquished Creatures
  2 adders (D:4)
  A quokka (D:4)
3 creatures vanquished.

Notes
Turn   | Place    | Note
-------+----------+-------------------------------------------
     0 | D:5      | zenocrate the Octopode Delver began the quest for the Orb.
     0 | D:5      | Reached XP level 1. HP: 16/16 MP: 1/1
    15 | D:5      | Noticed an ogre
    33 | D:5      | Noticed an iguana
    52 | D:4      | Reached skill level 1 in Unarmed Combat
    52 | D:4      | Reached XP level 2. HP: 8/21 MP: 2/2
   155 | D:4      | Reached skill level 7 in Stealth
   162 | D:4      | Quit the game

Illustrated notes

Levels and vault maps discovered:
D:4:      layout_basic, nicolae_sif_muna_condensation
D:5:      layout_rooms, okawaru_metal_pillars_3, nicolae_overflow_two_pavilions

Skill      XL: |  1  2 |
---------------+-------+-----
Unarmed Combat | 1 |  1.4
Stealth        | 7 |  7.1
Fighting       | |  3.0
Short Blades   | |  2.0
Dodging        | |  2.0

Action                     || total
---------------------------++-------
  Melee: Short sword       ||    11
         Constrict         ||     3
         Tentacles         ||     2
    Use: Scroll            ||     1
 Armour: Skin              ||     4
  Dodge: Dodged            ||    12

Table legend: (Time is in decaauts)
 A = Elapsed time spent in this place.
 B = Non-inter-level travel time spent in this place.
 C = Inter-level travel time spent in this place.
 D = Time resting spent in this place.
 E = Time spent auto-exploring this place.
 F = Levels seen in this place.
 G = Mean time per level.
                   A        B        C        D        E       F      G
               +--------+--------+--------+--------+--------+-----+--------+
         Total |    160 |    160 |      0 |      0 |    107 |   2 |   80.0 |
       Dungeon |    160 |    160 |      0 |      0 |    107 |   2 |   80.0 |
               +--------+--------+--------+--------+--------+-----+--------+

Top non-repeatable levels by time:
     D:4: 113 daAuts
     D:5: 47 daAuts
